 Dungeon Crawl Stone Soup version 0.16-a0-3553-gf2c86d1 (webtiles) character file.

532 Minkie the Cleaver (level 7, 0/56 HPs)
             Began as a Hill Orc Gladiator on Jan 10, 2015.
             Was an Initiate of Okawaru.
             Killed by divine providence
             ... invoked by an orc priest
              (13 damage)
             ... on level 4 of the Dungeon.
             The game lasted 00:14:27 (4020 turns).

Minkie the Cleaver (Hill Orc Gladiator)             Turns: 4020, Time: 00:14:27

Health: 0/56       AC:  9    Str: 18    XL:     7   Next: 24%
Magic:  7/7        EV:  7    Int: 10    God:    Okawaru [......]
Gold:   134        SH:  0    Dex: 11    Spells: 0 memorised, 6 levels left

rFire  . . .     SeeInvis .     a - +0 war axe
rCold  . . .     Clarity  .     u - +0 chain mail
rNeg   . . .     SustAb   .     (no shield)
rPois  .         Gourm    .     c - +0 helmet
rElec  .         Spirit   .     (no cloak)
rCorr  +         Warding  .     (no gloves)
rMut   .         Stasis   .     (no boots)
MR     .....                    y - amulet of resist corrosion
Stlth  ..........               (no ring)
                                (no ring)

@: not resistant to hostile enchantments, extremely unstealthy
A: no striking features
a: Renounce Religion, Convert to Beogh


You were on level 4 of the Dungeon.
You worshipped Okawaru.
Okawaru was noncommittal.
You were not hungry.

You visited 2 branches of the dungeon, and saw 5 of its levels.

You collected 134 gold pieces.

Inventory:

Hand weapons
 a - a +0 war axe (weapon)
Missiles
 d - 4 throwing nets
 n - 7 tomahawks (quivered)
Armour
 c - a +0 helmet (worn)
 u - a +0 chain mail (worn)
Magical staves
 i - an uncursed staff of summoning {unknown}
Jewellery
 p - an uncursed amulet of resist mutation
 y - an amulet of resist corrosion (around neck)
Scrolls
 k - a scroll of immolation {unknown}
 l - a scroll of fog
 r - a scroll of identify
 s - a scroll of random uselessness {unknown}
 t - a scroll of teleportation
Potions
 e - 2 potions of cancellation
 g - a potion of haste
 h - a potion of beneficial mutation {unknown}
 j - 2 potions of mutation {unknown}
 q - 5 potions of curing
 A - 2 potions of brilliance {unknown}
 B - a potion of berserk rage
 C - a potion of magic {unknown}
 D - a potion of flight {unknown}
Comestibles
 b - 2 chunks of flesh
 f - 3 meat rations
 m - a royal jelly
 o - a beef jerky
 w - a slice of pizza
 z - 2 bread rations


   Skills:
 + Level 2.9 Fighting
 - Level 10.0 Axes
 - Level 2.0 Throwing
 + Level 1.2 Armour
 + Level 2.5 Dodging


You had 6 spell levels left.
You didn't know any spells.

Dungeon Overview and Level Annotations

Branches:
Dungeon (4/15)             Temple (1/1) D:4

Altars:
Ashenzari
Cheibriados
Dithmenos
Elyvilon
Fedhas
Kikubaaqudgha
Nemelex Xobeh
Okawaru
Qazlal
Ru
Trog
Vehumet
The Shining One

Annotations:
D:2 Sigmund


Message History

* * * LOW HITPOINT WARNING * * *
You hear some strange, mumbled words.
Something tries to affect you, but you resist.
Your chain mail prevents you from hitting the orc priest.
The orc priest threatens, "By the altar or by the axe, you will meet Beogh!"
You closely miss something.
The orc priest hits you with a short sword.
* * * LOW HITPOINT WARNING * * *
You hear some strange, mumbled words.
Something tries to affect you, but you resist.
The orc priest shouts, "Join the one true god or die!"
There is an open door here.
Things that are here:
a robe; a dagger The orc priest shouts, "Beogh is our master!
Accept the truth or die!"
The orc priest hits you but does no damage.
The orc priest glows brightly for a moment.
The orc priest invokes the aid of Beogh against you.
Something smites you!
You die...

#......# ##'#####)###..###..
#......# ##...## #.####..#.##
##...#.## ##.....###.##..#...##
###....###.......#....#...#...
####......##...........#...#...#.
.........S.o[........#...#...#...
####....####).[.....=..#...#...#.
#.#.## ##oo......#...#...#...
#.### ##..@..#...#...#...#. #.#
##...##.#...#...#.(. #.#
##'###...#...#...#. #.# #.#
#.#...#...#... #.#
#.###...#...#...#. #.#
##.........#...#..#
#.##########...#######..#..###
#.................)# #.#.###
############...###.###.#.#


You could see 3 orc priests and an adder.

Vanquished Creatures
  A scorpion (D:4)
  A centaur zombie (D:3)
  2 orc priests (D:4)
  A hound (D:4)
  4 orc wizards (D:4)
  2 worker ants (D:4)
  Ijyb (D:2)
  3 gnolls (D:4)
  6 adders
  4 worms
  3 giant geckos
  2 oozes
  16 orcs
  A bat skeleton (D:4)
  4 giant cockroaches
  6 goblins
  10 hobgoblins
  3 jackals (D:1)
  6 bats
  3 giant newts
  15 kobolds
  4 rats
98 creatures vanquished.

Notes
Turn   | Place    | Note
--------------------------------------------------------------
     0 | D:1      | Minkie, the Hill Orc Gladiator, began the quest for the Orb.
     0 | D:1      | Reached XP level 1. HP: 18/18 MP: 1/1
   199 | D:1      | Reached XP level 2. HP: 20/25 MP: 2/2
   400 | D:1      | Reached skill level 5 in Axes
   651 | D:1      | Reached XP level 3. HP: 30/30 MP: 3/3
   918 | D:2      | Found a sacrificial altar of Ru.
   946 | D:2      | Noticed Ijyb
   976 | D:2      | Killed Ijyb
   976 | D:2      | Reached skill level 6 in Axes
   976 | D:2      | Reached XP level 4. HP: 35/37 MP: 4/4
  1001 | D:2      | Noticed Sigmund
  1465 | D:3      | Reached skill level 7 in Axes
  1465 | D:3      | Reached XP level 5. HP: 29/42 MP: 5/5
  2041 | D:3      | Found a blossoming altar of Fedhas.
  2165 | D:4      | Reached skill level 8 in Axes
  2498 | D:4      | Reached XP level 6. HP: 26/50 MP: 6/6
  2649 | D:4      | Reached skill level 9 in Axes
  2970 | D:4      | Found a staircase to the Ecumenical Temple.
  2994 | Temple   | Entered the Ecumenical Temple
  3003 | Temple   | Became a worshipper of Warmaster Okawaru
  3638 | D:4      | Reached skill level 10 in Axes
  3638 | D:4      | Reached XP level 7. HP: 53/56 MP: 7/7
  4013 | D:4      | Reached skill level 1 in Armour
  4020 | D:4      | Killed from afar by an orc priest

Action                   |  1- 3 |  4- 6 |  7- 9 || total
-------------------------+-------+-------+-------++-------
Melee: War axe           |    89 |   273 |    34 ||   396
  Use: Scroll            |       |    10 |       ||    10
  Eat: Chunk             |       |     9 |     1 ||    10
